 Dungeon Crawl Stone Soup version 0.27-a0-1202-ge72e49191c (webtiles) character file.

Game seed: 5909258184355434117

123 robertstho the Magician (level 5, -1/42 HPs)
             Began as a Naga Wanderer on June 4, 2021.
             Splashed by a jelly's acid (7 damage)
             ... on level 4 of the Dungeon.
             The game lasted 00:06:13 (2085 turns).

robertstho the Magician (Naga Wanderer)             Turns: 2085, Time: 00:06:14

Health: -1/42      AC:  3    Str: 13    XL:     5   Next: 7%
Magic:  10/10      EV:  9    Int: 14    God:
Gold:   89         SH:  0    Dex: 11    Spells: 9/11 levels left

rFire    . . .     SeeInvis +   i - +0 dagger
rCold    . . .     Faith    .   (no shield)
rNeg     . . .     Spirit   .   d - +0 robe
rPois    +         Reflect  .   g - +0 helmet
rElec    .         Harm     .   (no cloak)
rCorr    .         Rampage  .   (no gloves)
Will     .....                  (no barding)
Stlth    ++........             (no amulet)
HPRegen  0.14/turn              (no ring)
MPRegen  0.12/turn              (no ring)

@: very slow
A: AC +1, large, see invisible, deformed body, poison resistance, slowness 2,
spit poison 1, naga tail 1
a: Spit Poison


You were on level 4 of the Dungeon.
You visited 1 branch of the dungeon, and saw 3 of its levels.

You collected 89 gold pieces.

Inventory:

Hand Weapons
 a - a +0 club
 f - a +0 dagger
 i - a +0 dagger (weapon)
Armour
 d - a +0 robe (worn)
 g - a +0 helmet (worn)
Scrolls
 b - 3 scrolls of amnesia {unknown}
 c - a scroll of teleportation
 e - 2 scrolls of enchant armour {unknown}
 h - 2 scrolls of identify {unknown}
 j - a scroll of magic mapping {unknown}
 k - a scroll of vulnerability {unknown}
 l - a scroll of fear {unknown}
Potions
 m - a potion of curing {unknown}
 n - a potion of cancellation
 o - a potion of berserk rage {unknown}


   Skills:
 + Level 0.1 Fighting
 * Level 3.6 Stealth
 * Level 3.9 Spellcasting
 + Level 0.7 Conjurations
 * Level 1.7 Translocations
 * Level 3.0 Fire Magic
 * Level 2.5 Ice Magic


You had 9 spell levels left.
You knew the following spells:

 Your Spells              Type           Power      Damage    Failure   Level
a - Foxfire               Conj/Fire      32%        2x1d5     9%          1
b - Shock                 Conj/Air       12%        1d3       17%         1

Your spell library contained the following spells:

 Spells                   Type           Power      Damage    Failure   Level
 Conjure Flame            Conj/Fire      8%         6-21      26%         3
 Inner Flame              Hex/Fire       7%         N/A       30%         3
 Mephitic Cloud           Conj/Pois/Air  3%         N/A       47%         3
 Sticky Flame             Conj/Fire      8%         2d3       65%         4
 Fireball                 Conj/Fire      4%         3d4       94%         5


Dungeon Overview and Level Annotations

Branches:
Dungeon (2/15)

Altars:

Shops:
D:2 =(


Innate Abilities, Weirdness & Mutations

Your serpentine skin is tough. (AC +1)
You have supernaturally acute eyesight. (SInv)
Armour fits poorly on your strangely shaped body.
Your system is resistant to poisons. (rPois)
You cover ground very slowly.
You can spit poison.
You have a snake-like lower body.


Message History

Unknown command.
Casting: Foxfire (safe; 9% risk of failure)
Confirm with . or Enter, or press ? or * to list all spells.
You conjure some foxfire!
The foxfire hits the bullfrog skeleton.
The bullfrog skeleton is moderately damaged.
The jelly closely misses you.
The bullfrog skeleton closely misses you.
Unknown command.
The foxfire hits the bullfrog skeleton.
The bullfrog skeleton is heavily damaged.
The foxfire hits the bullfrog skeleton.
The bullfrog skeleton is heavily damaged.
The bullfrog skeleton hits you.
Unknown command.
Casting: Foxfire (safe; 9% risk of failure)
Confirm with . or Enter, or press ? or * to list all spells.
You conjure some foxfire!
The jelly misses you.
The bullfrog skeleton barely misses you.
The foxfire hits the bullfrog skeleton.
The bullfrog skeleton is heavily damaged.
The foxfire hits the bullfrog skeleton.
The bullfrog skeleton is severely damaged.
Your magical contamination has completely faded away.
Casting: Foxfire (safe; 9% risk of failure)
Confirm with . or Enter, or press ? or * to list all spells.
You conjure some foxfire!
The foxfire hits the bullfrog skeleton.
The bullfrog skeleton is severely damaged.
The jelly hits you.
You are splashed with acid!
* * * LOW HITPOINT WARNING * * *
The foxfire hits the bullfrog skeleton.
The bullfrog skeleton is severely damaged.
It was a potion of cancellation.
Your magical effects are unravelling.
You feel magically purged.
You are no longer corroded.
The jelly barely misses you.
It was a potion of magic.
Magic courses through your body. The jelly hits you.
* * * LOW HITPOINT WARNING * * *
You are splashed with acid!
You die...

..# #.J...#
....# #...#
#...###.# ..
#.....## #.
###....# # #.
###..# #.##.
###...Z# ...
###....#J#
#.###......#@#
#...ยง........#
#...######.#.#
##.## #.#[#
######.# #.#.#
.......# #.#.#
######## .#.#
#.#


You could see a jelly and a bullfrog skeleton.

Vanquished Creatures
  A jelly (D:4)
  A hound skeleton (D:4)
  2 adders (D:2)
  10 endoplasms
  A giant cockroach (D:1)
  6 goblins
  4 hobgoblins
  4 jackals
  6 kobolds
  3 quokkas
  8 ball pythons
  A bat (D:1)
  2 frilled lizards (D:1)
  4 rats
53 creatures vanquished.

Vanquished Creatures (others)
  164 foxfires
164 creatures vanquished.

Grand Total: 217 creatures vanquished

Notes
Turn   | Place    | Note
-------+----------+-------------------------------------------
     0 | D:1      | robertstho the Naga Wanderer began the quest for the Orb.
     0 | D:1      | robertstho set off with the following items: a +0 club, a
                  | scroll of teleportation, a +0 robe, a +0 dagger; and the
                  | following spells available to memorise: Foxfire, Shock,
                  | Conjure Flame, Inner Flame, Mephitic Cloud, Sticky Flame,
                  | Fireball
     0 | D:1      | Reached XP level 1. HP: 15/15 MP: 4/4
     2 | D:1      | Learned a level 1 spell: Foxfire
     4 | D:1      | Learned a level 1 spell: Shock
   174 | D:1      | Reached XP level 2. HP: 18/22 MP: 0/6
   769 | D:1      | Reached XP level 3. HP: 28/28 MP: 0/8
  1436 | D:2      | Found a faded altar of an unknown god.
  1511 | D:2      | Found Ixocimm's Jewellery Boutique.
  1571 | D:2      | Reached XP level 4. HP: 35/36 MP: 6/9
  1801 | D:2      | Found Neob Vee's Antique Weapon Shoppe.
  1932 | D:2      | You fall into a shaft and drop 2 floors!
  2076 | D:4      | Reached XP level 5. HP: 29/42 MP: 5/10
  2085 | D:4      | Splashed by a jelly's acid

Illustrated notes

Levels and vault maps discovered:
D:1:      dpeg_chamrin_arrival_tetris, layout_basic
D:2:      layout_basic, serial_shops, shop_fountains, shop, nicolae_shop_stone,
          basic_ecumenical_altar
D:4:      layout_loops_ring, old_standard_altar, minmay_unequal

Skill      XL: |  1  2  3  4 |
---------------+-------------+-----
Fire Magic     | 3 |  3.0
Fighting       | |  0.1
Stealth        | |  3.6
Spellcasting   | |  3.9
Conjurations   | |  0.7
Translocations | |  1.7
Ice Magic      | |  2.5

Action                   |  1- 3 |  4- 6 || total
-------------------------+-------+-------++-------
Melee: Dagger            |     7 |     1 ||     8
 Cast: Foxfire           |    62 |    34 ||    96
 Abil: Spit Poison       |     8 |     3 ||    11
  Use: Potion            |       |     2 ||     2
Armor: Robe              |     7 |     9 ||    16
Dodge: Dodged            |    16 |    17 ||    33

Table legend: (Time is in decaauts)
 A = Elapsed time spent in this place.
 B = Non-inter-level travel time spent in this place.
 C = Inter-level travel time spent in this place.
 D = Time resting spent in this place.
 E = Time spent auto-exploring this place.
 F = Levels seen in this place.
 G = Mean time per level.
                   A        B        C        D        E       F      G
               +--------+--------+--------+--------+--------+-----+--------+
         Total |   2422 |   2399 |     23 |    368 |   1655 |   3 |  807.3 |
       Dungeon |   2422 |   2399 |     23 |    368 |   1655 |   3 |  807.3 |
               +--------+--------+--------+--------+--------+-----+--------+

Top non-repeatable levels by time:
     D:1: 1454 daAuts
     D:2: 799 daAuts
     D:4: 169 daAuts
